[Event "Team 45 45 League T27"]
[Site "Internet Chess Club"]
[Date "2005.08.08"]
[Round "8"]
[White "MiroslavR"]
[Black "garethn"]
[Result "1-0"]
[WhiteElo "1965"]
[BlackElo "1765"]
[TimeControl "2700+45"]

1. e4 e5 2. Nf3 Nc6 3. Bb5 Bc5 4. c3 Nge7 5. O-O Bb6 6. d4 exd4 7. cxd4 d5 8.
exd5 Nxd5 9. Re1+ Be6 10. Bg5 Qd6 11. Nbd2 O-O 12. Nc4 Qb4 13. a4 a5 14. Rc1 Na7
15. Bd2 Qe7 16. Nxb6 Nxb6 17. Bd3 Nc6 18. Bxh7+ Kh8 19. Ng5 Nd5 20. Be4 Nf6 21.
Bxc6 bxc6 22. Nxe6 fxe6 23. Rxc6 Qd7 24. Rcxe6 Qxd4 25. Bc3 Qh4 26. Bxf6 gxf6
27. R1e4 Qg5 28. Rg4 Qh6 29. Ree4 Rad8 30. Qe1 Rd5 31. Rh4 Rh5 32. Rxh5 Qxh5 33.
Qe2 Qxe2 34. Rxe2 Rd8 35. f3 Rd1+ 36. Kf2 Ra1 37. b3 Rb1 38. Re3 Rb2+ 39. Kg3
Kg7 40. Re7+ Kg6 41. Rxc7 Rxb3 42. Rc5 f5 43. Rxa5 Rb4 44. f4 Rb3+ 45. Kh4 Rb2
46. Kh3 Rb3+ 47. g3 Ra3 48. Ra6+ Kf7 49. a5 Ra2 50. Ra8 Kg7 51. a6 Ra3 52. Kh4
Ra2 53. h3 Ra3 54. a7 Kh7 55. g4 Ra4 56. Kg5 fxg4 57. hxg4 Ra5+ 58. Kf6 Ra6+ 59.
Ke5 Ra5+ 60. Kd6 Ra6+ 61. Kc5 Ra1 62. f5 Rc1+ 63. Kd6 Rd1+ 64. Ke5 Ra1 65. g5
Ra5+ 66. Kf6 Ra6+ 67. Kf7 Ra5 68. g6+ Kh6 69. Rh8+ Kg5 70. a8=Q {Black resigns}
1-0

[Event "Team 45 45 League T27"]
[Site "Internet Chess Club"]
[Date "2005.08.08"]
[Round "8"]
[White "andy4226uk"]
[Black "Gandalf"]
[Result "0-1"]
[WhiteElo "1836"]
[BlackElo "1917"]
[TimeControl "2700+45"]

1. e4 c6 2. d4 d5 3. f3 dxe4 4. fxe4 e5 5. Nf3 Be6 6. Nxe5 Qh4+ 7. Ke2 Qxe4+ 8.
Be3 Nf6 9. Nc3 Qxe5 10. dxe5 Bg4+ 11. Ke1 Bxd1 12. Rxd1 Ng4 13. Bf4 Nd7 14. e6
fxe6 15. Bc4 O-O-O 16. Bxe6 Re8 17. Ne2 Rxe6 18. h3 Ne3 {White resigns} 0-1

[Event "Team 45 45 League T27"]
[Site "Internet Chess Club"]
[Date "2005.08.07"]
[Round "8"]
[White "ChessJunior"]
[Black "TheBrewer"]
[Result "1-0"]
[WhiteElo "1767"]
[BlackElo "1556"]
[TimeControl "2700+45"]

1. e4 e6 2. d4 d5 3. Nc3 dxe4 4. Nxe4 Bd7 5. Nf3 Bc6 6. Bd3 Nd7 7. O-O Ngf6 8.
Ng3 Be7 9. c4 O-O 10. Bf4 Bxf3 11. Qxf3 c6 12. Rad1 Qb6 13. Qe2 Kh8 14. Be5 Nxe5
15. dxe5 Ne8 16. Qe4 g6 17. Be2 Ng7 18. Qd4 Qxd4 19. Rxd4 Rad8 20. Rfd1 Rxd4 21.
Rxd4 Rd8 22. Rxd8+ Bxd8 23. Ne4 Ne8 24. Nd6 Nxd6 25. exd6 Kg7 26. c5 Kf6 27. Bd3
Ke5 28. Be2 Kd4 29. b4 Kc3 30. a3 a5 31. bxa5 Bxa5 32. g3 Kd4 33. h4 Kxc5 34. d7
Kd6 35. h5 Kxd7 36. hxg6 hxg6 37. Kf1 Kd6 38. Bd3 g5 39. Ke2 f6 40. a4 b6 41. g4
e5 42. Be4 c5 43. Kd3 Bc3 44. Kxc3 {Black resigns} 1-0

[Event "Team 45 45 League T27"]
[Site "Internet Chess Club"]
[Date "2005.08.05"]
[Round "8"]
[White "nanning"]
[Black "SeniorCitizen"]
[Result "1-0"]
[WhiteElo "1579"]
[BlackElo "1486"]
[TimeControl "2700+45"]

1. e4 e6 2. d4 d5 3. e5 c5 4. c3 Nc6 5. Nf3 Qb6 6. Be2 cxd4 7. cxd4 Nh6 8. b3
Nf5 9. Bb2 Bb4+ 10. Kf1 O-O 11. a3 Be7 12. Nc3 Bd7 13. Na4 Qd8 14. g4 Nh4 15.
Nxh4 Bxh4 16. Nc5 Bc8 17. Qd3 f6 18. exf6 Qxf6 19. f3 Qf4 20. b4 Qxg4 21. Rg1
Qf4 22. Rg4 Qf6 23. Kg2 Bg5 24. Rg1 h5 25. Rg3 Qe7 26. Kh1 Bh6 27. Bd1 Rf5 28.
Rg6 Rf6 29. Bc2 {Black resigns} 1-0

[Event "Team 45 45 League T27"]
[Site "Internet Chess Club"]
[Date "2005.08.08"]
[Round "8"]
[White "billarvola"]
[Black "DTK"]
[Result "0-1"]
[WhiteElo "1974"]
[BlackElo "1911"]
[TimeControl "2700+45"]

1. d4 Nf6 2. Nf3 g6 3. g3 Bg7 4. Bg2 O-O 5. O-O d6 6. c4 c5 7. Nc3 Nc6 8. d5 Na5
9. Qd3 a6 10. e4 b5 11. Nd2 Ng4 12. cxb5 axb5 13. Nxb5 Ba6 14. a4 Qb6 15. Ra3
Rfb8 16. Qe2 Ne5 17. b3 Bxb5 18. axb5 Qxb5 19. Qxb5 Rxb5 20. Nc4 Nexc4 21. bxc4
Rb3 22. Ra2 Rbb8 23. Bg5 f6 24. Bf4 Nxc4 25. Rc2 Rb4 26. Rfc1 Raa4 27. f3 Na3
28. Ra2 Nb5 29. Rxa4 Rxa4 30. Rb1 Nd4 31. Be3 f5 32. Bg5 Kf7 33. Rb7 Bf6 34. Be3
c4 35. Rc7 c3 36. h4 Ra2 37. Kh2 Nxf3+ 38. Kh3 fxe4 {White forfeits on time} 0-1

[Event "Team 45 45 League T27"]
[Site "Internet Chess Club"]
[Date "2005.08.07"]
[Round "8"]
[White "tourettes"]
[Black "JudokaUsa"]
[Result "0-1"]
[WhiteElo "1803"]
[BlackElo "1917"]
[TimeControl "2700+45"]

1. e4 c5 2. Nc3 Nc6 3. g3 g6 4. Bg2 Bg7 5. Nge2 e6 6. O-O d6 7. d3 Nge7 8. Be3
O-O 9. Qd2 Nd4 10. Nd1 Nxe2+ 11. Qxe2 Rb8 12. f4 Qc7 13. c3 Nc6 14. Nf2 b6 15.
g4 f5 16. exf5 exf5 17. Bd5+ Kh8 18. g5 Re8 19. Nd1 Ne7 20. Bf3 Bb7 21. Qf2 Bxf3
22. Qxf3 Qc6 23. Qxc6 Nxc6 24. Re1 d5 25. Bd2 Kg8 26. Nf2 Kf7 27. Rxe8 Rxe8 28.
Re1 Rxe1+ 29. Bxe1 Ke6 30. Kg2 Bf8 31. Kf3 Bd6 32. h4 b5 33. Nd1 Ne7 34. Bf2 a6
35. b3 Nc6 36. Be1 b4 37. Nb2 bxc3 38. Bxc3 d4 39. Bd2 Ne7 40. Nc4 Nd5 41. Na3
Kd7 42. Nc4 Bc7 43. Na3 Kc6 44. Nc2 Bd6 45. a3 Kb6 46. b4 Kb5 47. bxc5 Bxc5 48.
Be1 Ka4 49. Bf2 Kb3 50. Nxd4+ Bxd4 51. Bxd4 Kxa3 52. Bc5+ Kb3 53. Bd6 a5 54. Ke2
a4 55. Be5 a3 56. Kd2 a2 57. Ba1 Nxf4 58. d4 Nd5 59. Kd3 Nb4+ 60. Kd2 Kc4 61.
Bc3 f4 62. Ba1 f3 63. Bc3 f2 {White resigns} 0-1

[Event "Team 45 45 League T27"]
[Site "Internet Chess Club"]
[Date "2005.08.09"]
[Round "8"]
[White "vvsi"]
[Black "kingfischer57"]
[Result "1/2-1/2"]
[WhiteElo "1893"]
[BlackElo "1858"]
[TimeControl "2700+45"]

1. e4 e6 2. d4 d5 3. Nd2 Nf6 4. e5 Nfd7 5. Bd3 c5 6. c3 Nc6 7. Ne2 Qb6 8. Nf3
cxd4 9. cxd4 f6 10. exf6 Nxf6 11. O-O Bd6 12. a3 O-O 13. Qc2 e5 14. dxe5 Nxe5
15. Nxe5 Bxe5 16. h3 Be6 17. Rb1 Rac8 18. Qd2 Ne4 19. Bxe4 dxe4 20. Qe3 Qxe3 21.
Bxe3 Bc4 22. Rfe1 Bd3 23. Rbd1 Bxb2 24. Bxa7 Bxa3 25. Be3 Bb4 26. Bd2 Bxd2 27.
Rxd2 b5 28. Nc1 Rc2 29. Red1 Rxd2 30. Rxd2 Bc4 31. Ne2 Bxe2 32. Rxe2 Re8 33. Kf1
Kf7 34. Ke1 Kf6 35. Kd2 Ke5 36. Kc3 Rb8 37. Kb4 g5 38. f3 Kf5 39. Rxe4 h5 40. g3
Rb7 41. h4 gxh4 42. Rxh4 Kg5 43. Rd4 Rf7 44. Rd5+ Kg6 45. f4 h4 46. Rg5+ Kh6 47.
gxh4 Rxf4+ 48. Kxb5 Rxh4 49. Rc5 Rh5 50. Rxh5+ Kxh5 {Game drawn because neither
player has mating material} 1/2-1/2

[Event "Team 45 45 League T27"]
[Site "Internet Chess Club"]
[Date "2005.08.06"]
[Round "8"]
[White "crankn8tr"]
[Black "ChessicStudent"]
[Result "1-0"]
[WhiteElo "1581"]
[BlackElo "1457"]
[TimeControl "2700+45"]

1. e4 e6 2. d4 d5 3. Nc3 Nf6 4. Bg5 dxe4 5. Nxe4 Be7 6. Nxf6+ Bxf6 7. Be3 O-O 8.
Qd2 b6 9. O-O-O Bb7 10. Nf3 Nd7 11. Be2 Rc8 12. h4 c5 13. g4 cxd4 14. Bxd4 Be4
15. c3 Nc5 16. Bxc5 Rxc5 17. g5 Rd5 18. Qe3 Rxd1+ 19. Rxd1 {Black resigns} 1-0

[Event "Team 45 45 League T27"]
[Site "Internet Chess Club"]
[Date "2005.08.07"]
[Round "8"]
[White "BaroneRosso"]
[Black "syy89"]
[Result "1-0"]
[WhiteElo "2050"]
[BlackElo "2078"]
[TimeControl "2700+45"]

1. d4 Nf6 2. c4 g6 3. Nc3 Bg7 4. e4 d6 5. Nf3 O-O 6. Be2 e5 7. Be3 Ng4 8. Bg5 f6
9. Bh4 Nc6 10. d5 Ne7 11. Nd2 Nh6 12. f3 g5 13. Bf2 f5 14. c5 Ng6 15. g3 g4 16.
fxg4 Nxg4 17. Bxg4 fxg4 18. O-O Bh6 19. cxd6 cxd6 20. Nc4 Qc7 21. b3 Bd7 22. a4
Rf3 23. Nb5 Bxb5 24. axb5 Raf8 25. Rxa7 Rxf2 26. Rxf2 Rxf2 27. Ra8+ Rf8 28.
Rxf8+ Bxf8 29. Qxg4 Qc5+ 30. Kg2 Qc7 31. Qe6+ Kg7 32. h4 Be7 33. h5 Nf8 34. h6+
Kh8 35. Qf7 Ne6 36. dxe6 {Black resigns} 1-0

[Event "Team 45 45 League T27"]
[Site "Internet Chess Club"]
[Date "2005.08.06"]
[Round "8"]
[White "Chief-Justice"]
[Black "DTK"]
[Result "1-0"]
[WhiteElo "1926"]
[BlackElo "1890"]
[TimeControl "2700+45"]

1. e4 e6 2. d4 d5 3. Nc3 Nf6 4. Bg5 Bb4 5. e5 h6 6. Bd2 Bxc3 7. bxc3 Ne4 8. Bd3
Nxd2 9. Qxd2 c5 10. Nf3 Nc6 11. O-O Qa5 12. Rfd1 cxd4 13. cxd4 Qxd2 14. Rxd2 Bd7
15. Rb1 Na5 16. h4 Rc8 17. Rb4 Rc3 18. h5 Ke7 19. Nh4 b6 20. f4 Rhc8 21. f5 Ra3
22. fxe6 Bxe6 23. Nf5+ Bxf5 24. Bxf5 Rc7 25. Rb5 Nc4 26. Re2 a6 27. Rb3 Rxa2 28.
Rg3 Kf8 29. Bd3 b5 30. Rf3 Na5 31. e6 Nc6 32. exf7 Rxf7 33. Bg6 Nd8 34. Bxf7
Nxf7 35. Ref2 Kg8 36. Rxf7 b4 37. Rb7 {Black resigns} 1-0

[Event "Team 45 45 League T27"]
[Site "Internet Chess Club"]
[Date "2005.08.07"]
[Round "8"]
[White "Beetlejuice"]
[Black "elnik"]
[Result "1/2-1/2"]
[WhiteElo "1919"]
[BlackElo "1952"]
[TimeControl "2700+45"]

1. d4 Nf6 2. Nf3 g6 3. Nc3 d5 4. Bf4 Bg7 5. e3 O-O 6. Be2 c6 7. Ne5 Nbd7 8. h4
Nxe5 9. Bxe5 b5 10. b4 a5 11. a3 axb4 12. axb4 Bf5 13. Rxa8 Qxa8 14. O-O Qa3 15.
Qa1 Ra8 16. Qxa3 Rxa3 17. Nb1 Ra2 18. Rc1 Rb2 19. f3 Rxb4 20. g4 Bd7 21. Nd2 Ne8
22. Bxg7 Kxg7 23. Bd3 Nd6 24. Nb3 Nc4 25. Nc5 Be8 26. Kf2 Nb2 27. Be2 Na4 28. c3
Rb2 29. Nd3 Ra2 30. Ke1 f6 31. Nb4 Rb2 32. Nd3 Ra2 33. Nb4 Rb2 34. Nd3 Ra2 35.
Nb4 {Game drawn by repetition} 1/2-1/2

[Event "Team 45 45 League T27"]
[Site "Internet Chess Club"]
[Date "2005.08.09"]
[Round "8"]
[White "alexcolins"]
[Black "Lug"]
[Result "0-1"]
[WhiteElo "1837"]
[BlackElo "1982"]
[TimeControl "2700+45"]

1. d4 Nf6 2. Nf3 e6 3. e3 c5 4. Bd3 b6 5. c4 Bb7 6. Nc3 cxd4 7. exd4 Be7 8. O-O
d5 9. Bf4 dxc4 10. Bxc4 O-O 11. Nb5 a6 12. Nc7 Bxf3 13. Qxf3 Ra7 14. Nxe6 fxe6
15. Bxe6+ Kh8 16. Rac1 Qxd4 17. Rfd1 Qxb2 18. Rb1 Qa3 19. Rd3 Qc5 20. Rc3 Qa5
21. Rbc1 Nbd7 22. Rc8 Nc5 23. Rxf8+ Bxf8 24. Bd5 Re7 25. Be3 Nd3 26. g4 Nxc1 27.
Bc4 Re4 28. g5 Qe1+ 29. Bf1 Rg4+ 30. Qxg4 Nxg4 31. Bxb6 Nxh2 32. Kxh2 Qxf1 33.
a4 Bd6+ {White resigns} 0-1

[Event "Team 45 45 League T27"]
[Site "Internet Chess Club"]
[Date "2005.08.09"]
[Round "8"]
[White "Ser-Enigma"]
[Black "softbunney"]
[Result "1-0"]
[WhiteElo "2015"]
[BlackElo "2045"]
[TimeControl "2700+45"]

1. e4 c5 2. Nf3 Nc6 3. d4 cxd4 4. Nxd4 Nf6 5. Nc3 e5 6. Ndb5 d6 7. Bg5 a6 8. Na3
b5 9. Bxf6 gxf6 10. Nd5 f5 11. Bd3 Be6 12. c3 Rb8 13. Qh5 Bg7 14. O-O f4 15. Nc2
Ne7 16. Qg5 Nxd5 17. Qxg7 Qf6 18. Qxf6 Nxf6 19. Nb4 Bc4 20. Rfd1 Rb6 21. a4 Ke7
22. a5 Rb7 23. Bc2 Ra8 24. b3 Be6 25. Nc6+ Kf8 26. Rxd6 Rc7 27. Nxe5 Rxc3 28.
Bd3 Rxb3 29. f3 Ke7 30. Rb6 Nd7 31. Rb7 Kd6 32. Nxd7 Bxd7 33. Rd1 Kc6 34. Rb6+
Kc7 35. e5 Ra3 36. Be4 Ra7 37. Rbd6 Be6 38. Rc6+ {Black resigns} 1-0

[Event "Team 45 45 League T27"]
[Site "Internet Chess Club"]
[Date "2005.08.06"]
[Round "8"]
[White "Knight77"]
[Black "JaiHanuman"]
[Result "1-0"]
[WhiteElo "1864"]
[BlackElo "1946"]
[TimeControl "2700+45"]

1. Nf3 e6 2. g3 c5 3. Bg2 Nc6 4. O-O Nf6 5. d3 d5 6. Nbd2 Be7 7. e4 O-O 8. e5
Nd7 9. Re1 Qc7 10. Qe2 b6 11. Nf1 Ba6 12. Bf4 Rfd8 13. h4 Nf8 14. h5 Rac8 15. g4
Qb7 16. Ng3 c4 17. a3 cxd3 18. cxd3 Bc5 19. Qd2 Nd4 20. Nxd4 Bxd4 21. Ne2 Bc5
22. b4 Be7 23. Nd4 Qa8 24. b5 Bb7 25. a4 Nd7 26. Bg5 Bxg5 27. Qxg5 Nf8 28. h6
Ng6 29. f4 Qb8 30. f5 exf5 31. Nxf5 Qc7 32. Rac1 Qd7 33. hxg7 Qe6 34. Nh6+ Kxg7
35. Nf5+ Kg8 36. Qh6 {Black resigns} 1-0

[Event "Team 45 45 League T27"]
[Site "Internet Chess Club"]
[Date "2005.08.07"]
[Round "8"]
[White "Cantemir"]
[Black "Mikey29a"]
[Result "0-1"]
[WhiteElo "1510"]
[BlackElo "1685"]
[TimeControl "2700+45"]

1. d3 Nf6 2. e4 e5 3. Nf3 d6 4. Be2 Bg4 5. h3 Bh5 6. Be3 Be7 7. Nc3 O-O 8. Qd2
c5 9. g4 Bg6 10. Nh4 Nxe4 11. dxe4 Bxh4 12. O-O-O Be7 13. f3 a6 14. g5 Nc6 15.
Nd5 Nd4 16. Nxe7+ Qxe7 17. c3 Nxe2+ 18. Qxe2 b5 19. h4 f6 20. b3 b4 21. c4 a5
22. h5 Be8 23. Rdg1 a4 24. Kb2 axb3 25. axb3 Bxh5 26. Rxh5 Qa7 27. Qc2 Qa3+
{White resigns} 0-1

[Event "Team 45 45 League T27"]
[Site "Internet Chess Club"]
[Date "2005.08.07"]
[Round "8"]
[White "boozehound"]
[Black "pokerram"]
[Result "1-0"]
[WhiteElo "1643"]
[BlackElo "1610"]
[TimeControl "2700+45"]

1. e4 c5 2. Nc3 d6 3. Nf3 Nc6 4. d4 cxd4 5. Nxd4 Nf6 6. Nxc6 bxc6 7. Bc4 e6 8.
Bg5 Be7 9. O-O O-O 10. Qf3 d5 11. Rad1 Qe8 12. exd5 cxd5 13. Bd3 Rb8 14. b3 a6
15. Rfe1 Bb7 16. Qg3 Kh8 17. Qh4 h6 18. Bxh6 Nh7 19. Bxg7+ Kxg7 20. Qxh7+ {Black
resigns} 1-0

[Event "Team 45 45 League T27"]
[Site "Internet Chess Club"]
[Date "2005.08.07"]
[Round "8"]
[White "AVEMARIA"]
[Black "Invicta-Knight"]
[Result "1-0"]
[WhiteElo "1575"]
[BlackElo "1458"]
[TimeControl "2700+45"]

1. e4 e5 2. Nf3 Nc6 3. Bb5 d6 4. d4 exd4 5. O-O Bd7 6. Nxd4 Nf6 7. Re1 Be7 8.
Nxc6 Bxc6 9. Bxc6+ bxc6 10. Nc3 O-O 11. Qf3 Qd7 12. h3 h6 13. Bf4 Nh7 14. Rad1
Rab8 15. b3 Rb7 16. Ne2 Re8 17. Ng3 Bg5 18. c4 Bxf4 19. Qxf4 Re5 20. Qe3 Nf6 21.
f4 Re6 22. e5 Ne8 23. f5 Re7 24. Qd3 Rb8 25. Qd4 Ra8 26. Qg4 Qc8 27. exd6 Rxe1+
28. Rxe1 cxd6 29. Nh5 Qd7 30. Rxe8+ {Black resigns} 1-0

[Event "Team 45 45 League T27"]
[Site "Internet Chess Club"]
[Date "2005.08.04"]
[Round "8"]
[White "ATLfalcons"]
[Black "flodo"]
[Result "1-0"]
[WhiteElo "1788"]
[BlackElo "1661"]
[TimeControl "2700+45"]

1. e4 e5 2. Nf3 Nc6 3. Bb5 a6 4. Ba4 b5 5. Bb3 d6 6. c3 Na5 7. Bc2 c5 8. O-O Bg4
9. d4 Bxf3 10. Qxf3 Qf6 11. Qxf6 Nxf6 12. Re1 Be7 13. d5 O-O 14. b3 h6 15. Nd2
Nh7 16. Nf1 Rfe8 17. Ng3 Bf8 18. Nf5 Nb7 19. f3 f6 20. Be3 Nd8 21. Bd3 Nf7 22.
a4 g6 23. Nh4 g5 24. Nf5 Rab8 25. axb5 axb5 26. Ra6 Rb7 27. Rea1 Reb8 28. b4 c4
29. Be2 g4 30. fxg4 Nhg5 31. Bf3 Kh7 32. h4 Nxf3+ 33. gxf3 Kg6 34. h5+ Kh7 35.
Ra7 Bg7 36. Rxb7 Rxb7 37. Ra7 Rxa7 38. Bxa7 Bf8 39. Bb8 Kg8 40. Kg2 Kh7 41. Ne3
Nd8 42. Nc2 Nb7 43. Na3 Kg7 44. Nxb5 Kf7 45. Kg3 Ke7 46. Na7 Kd7 47. f4 Be7 48.
Nc6 Bf8 49. Ba7 Nd8 50. Nxd8 Kxd8 51. fxe5 dxe5 52. Be3 Kc7 53. Bc5 Bg7 54. b5
Kd7 55. b6 Kc8 56. Kf3 Kb7 57. Ke2 Kc8 58. Kd2 Kb7 59. Kc2 {Black resigns} 1-0

[Event "Team 45 45 League T27"]
[Site "Internet Chess Club"]
[Date "2005.08.05"]
[Round "8"]
[White "chivo"]
[Black "claymil"]
[Result "1-0"]
[WhiteElo "1791"]
[BlackElo "1675"]
[TimeControl "2700+45"]

1. e4 c5 2. Nf3 Nc6 3. d4 cxd4 4. Nxd4 d6 5. Nc3 Nf6 6. Bg5 e6 7. Bb5 Bd7 8. O-O
Be7 9. Ba4 a6 10. Nxc6 bxc6 11. Bxf6 gxf6 12. Qd2 d5 13. Rad1 Qb6 14. b3 Bb4 15.
Qd3 d4 16. Ne2 e5 17. c3 Bxc3 18. Nxc3 Rd8 19. Nb1 Rg8 20. Nd2 c5 21. Bxd7+ Rxd7
22. Nc4 Qe6 23. f4 Qg4 24. Qf3 Qg7 25. Nb6 Rd6 26. Nd5 Kd7 27. Rc1 Rc6 28. fxe5
fxe5 29. Qxf7+ Qxf7 30. Rxf7+ Kd8 31. Ne7 Ke8 32. Nxc6 Kxf7 33. Rxc5 Kf6 34.
Rxe5 Rd8 35. Rd5 Rxd5 36. exd5 d3 37. Kf1 Kf5 38. Nb4 Ke5 39. Nxd3+ Kxd5 40.
Nb4+ Kc5 41. Nxa6+ Kb5 42. Nc7+ Kb4 43. g4 Ka3 44. g5 Kxa2 45. b4 {Black
resigns} 1-0

[Event "Team 45 45 League T27"]
[Site "Internet Chess Club"]
[Date "2005.08.05"]
[Round "8"]
[White "alaskauk"]
[Black "David-Carioca"]
[Result "0-1"]
[WhiteElo "1466"]
[BlackElo "1514"]
[TimeControl "2700+45"]

1. e4 e6 2. d4 d5 3. Nd2 dxe4 4. Nxe4 Nd7 5. Nf3 Be7 6. Bd3 Ngf6 7. c3 Nxe4 8.
Bxe4 c5 9. Be3 Qb6 10. Qc2 Nf6 11. Bd3 Bd7 12. a4 Bc6 13. Be2 Rc8 14. b4 Be4 15.
Qb2 cxb4 16. d5 Qd6 17. dxe6 fxe6 18. c4 O-O 19. Rd1 Qc6 20. O-O a5 21. Qb3 Qc7
22. h3 Bc6 23. Ng5 Bd7 24. Qd3 h6 25. Nf3 Bxa4 26. Rd2 Rfd8 27. Qg6 Be8 28. Rxd8
Rxd8 29. Qc2 b5 30. Nd4 Qc8 31. Bg4 Nxg4 32. hxg4 bxc4 33. Qe4 Bf7 34. Nc6 Rd7
35. Nxe7+ Rxe7 36. g3 Qb7 37. Qxc4 e5 38. Qc5 a4 39. Rb1 b3 40. Bc1 Bd5 41. Ba3
Rf7 42. Kh2 Kh7 43. Rb2 Rc7 44. Qe3 Bh1 45. f4 Rc2+ 46. Rxc2 bxc2 47. Qd3+ Be4
48. Qc3 exf4 49. gxf4 Qb1 50. Bb2 Qh1+ 51. Kg3 Qg2+ 52. Kh4 Qh2+ 53. Qh3 Qxh3+
54. Kxh3 g6 55. Kh4 Kg8 56. Kg3 Kf7 57. g5 h5 58. Bc1 Ke6 59. Kf2 Kd5 60. Ke3
Bf5 61. Bb2 Kc4 62. Kd2 Kb3 63. Kc1 a3 64. Ba1 h4 65. Bc3 h3 66. Bd2 h2 67. Be1
h1=N 68. Bc3 Nf2 {White resigns} 0-1

[Event "Team 45 45 League T27"]
[Site "Internet Chess Club"]
[Date "2005.08.06"]
[Round "8"]
[White "nanning"]
[Black "JLMOE"]
[Result "1-0"]
[WhiteElo "1587"]
[BlackElo "1380"]
[TimeControl "2700+45"]

1. e4 e6 2. d3 Bb4+ 3. Bd2 Bxd2+ 4. Nxd2 Nf6 5. Ngf3 b6 6. g3 Bb7 7. Bg2 Nc6 8.
O-O h5 9. Re1 Ng4 10. Nc4 Qe7 11. h3 Nh6 12. Nfe5 d6 13. Nxc6 Bxc6 14. d4 h4 15.
d5 Bb7 16. g4 O-O-O 17. a4 Qd7 18. b3 f5 19. dxe6 Qxe6 20. exf5 Qd7 21. Bxb7+
Kxb7 22. Qf3+ Kb8 23. Rad1 Nf7 24. Qg2 Rhe8 25. f4 Re7 26. Ne5 Qe8 27. Nc6+ Kc8
28. Nxe7+ Kd7 29. Qc6# {Black checkmated} 1-0

[Event "Team 45 45 League T27"]
[Site "Internet Chess Club"]
[Date "2005.08.07"]
[Round "8"]
[White "Mississippian"]
[Black "Tomate"]
[Result "0-1"]
[WhiteElo "1342"]
[BlackElo "1404"]
[TimeControl "2700+45"]

1. c4 e5 2. Nc3 Nf6 3. Nf3 Nc6 4. e3 Bb4 5. Qc2 Bxc3 6. Qxc3 d6 7. h3 O-O 8. b3
Re8 9. Be2 Bf5 10. O-O a5 11. Bb2 Nb4 12. d3 c5 13. a3 Nc6 14. e4 Be6 15. Ng5
Nxe4 16. Nxe6 Nxc3 17. Nxd8 Nxe2+ 18. Kh1 Raxd8 19. Rfe1 Nf4 20. Re3 Re6 21. h4
Rde8 22. g3 Nh5 23. Kh2 Nd4 24. b4 Nc2 {White resigns} 0-1

[Event "Team 45 45 League T27"]
[Site "Internet Chess Club"]
[Date "2005.08.08"]
[Round "8"]
[White "nona"]
[Black "rgadoury"]
[Result "1-0"]
[WhiteElo "1405"]
[BlackElo "1387"]
[TimeControl "2700+45"]

1. e4 e5 2. Nf3 Nc6 3. Bb5 Be7 4. O-O Nf6 5. d3 O-O 6. Bxc6 bxc6 7. Nxe5 Bb7 8.
Nc3 d5 9. Qe2 d4 10. Nd1 c5 11. f4 Bd6 12. Nc4 Be7 13. Bd2 Nd7 14. Nf2 f6 15. f5
Ba6 16. Na5 Ne5 17. Ng4 Nxg4 18. Qxg4 Rf7 19. Rf3 Bf8 20. Rh3 Qd7 21. Qh5 h6 22.
Qg6 Kh8 23. Rf1 c4 24. Nc6 cxd3 25. cxd3 Bxd3 26. Rxd3 Qxc6 27. Qxf7 Qxe4 28.
Rg3 c5 29. Bxh6 gxh6 30. Qg8# {Black checkmated} 1-0

[Event "Team 45 45 League T27"]
[Site "Internet Chess Club"]
[Date "2005.08.08"]
[Round "8"]
[White "gatoruss"]
[Black "GLuft"]
[Result "1-0"]
[WhiteElo "1277"]
[BlackElo "1111"]
[TimeControl "2700+45"]

1. d4 Nf6 2. c4 d5 3. Nc3 dxc4 4. Nf3 c6 5. a4 e6 6. Bg5 Be7 7. e4 Nbd7 8. Ne5
Qa5 9. Bxf6 Nxf6 10. Nxc4 Qb4 11. Bd3 Nxe4 12. O-O Nd6 13. Na2 Qxc4 14. Bxc4
Nxc4 15. b3 Nd6 16. Qg4 O-O 17. Nb4 e5 18. Qe2 e4 19. f3 e3 20. Qxe3 Nf5 21. Qd2
a5 22. Nc2 Be6 23. b4 b6 24. b5 cxb5 25. d5 Rad8 26. Ne3 Bb4 27. Qd3 Nxe3 28.
Rfc1 Rxd5 29. Qe2 Bc5 30. Kh1 Bd7 31. Rxc5 bxc5 32. Qxe3 Re8 33. Qf2 bxa4 34.
Re1 Kf8 35. h3 Rxe1+ 36. Qxe1 c4 37. Qc3 Be6 38. g4 Ke7 39. Qa3+ Kf6 40. Qxa4
Rc5 41. f4 c3 42. Qd4+ Ke7 43. Qxc5+ Ke8 44. Qxc3 Bd5+ 45. Kh2 a4 46. Qc8+ Ke7
47. Qc5+ Ke6 48. Qe3+ Kd6 49. Qb6+ Ke7 50. Qa7+ Kd6 51. Qxa4 Bc6 52. Qd4+ Bd5
53. Qxg7 Ke7 54. Qxh7 Kf8 55. h4 Be6 56. g5 f6 57. gxf6 Bf7 58. h5 Bxh5 59. Qg7+
Ke8 60. Qe7# {Black checkmated} 1-0

[Event "Team 45 45 League T27"]
[Site "Internet Chess Club"]
[Date "2005.08.07"]
[Round "8"]
[White "Dalcon"]
[Black "MJBerkey88"]
[Result "0-1"]
[WhiteElo "1222"]
[BlackElo "1346"]
[TimeControl "2700+45"]

1. e4 e6 2. Qe2 c5 3. f4 Nc6 4. c3 Qb6 5. d3 Nf6 6. e5 Nd5 7. c4 Ndb4 8. a3 Nd4
9. Qf2 Nbc2+ 10. Kd1 Nxa1 11. Nd2 Nab3 12. Ke1 Nxd2 13. Bxd2 Qxb2 {White
resigns} 0-1

[Event "Team 45 45 League T27"]
[Site "Internet Chess Club"]
[Date "2005.08.07"]
[Round "8"]
[White "iwulu"]
[Black "Quoyle"]
[Result "1/2-1/2"]
[WhiteElo "2341"]
[BlackElo "2437"]
[TimeControl "2700+45"]

1. d4 d5 2. Nf3 Nf6 3. c4 e6 4. Nc3 Nbd7 5. Bg5 c6 6. e3 Qa5 7. Bxf6 Nxf6 8. Bd3
dxc4 9. Bxc4 Bb4 10. Qb3 Ne4 11. Rc1 Nxc3 12. bxc3 Bd6 13. e4 b5 14. Bd3 e5 15.
O-O Be6 16. d5 Bd7 17. c4 bxc4 18. Bxc4 Rb8 19. Qe3 cxd5 20. Bxd5 O-O 21. Qg5 h6
22. Qh5 Rbe8 23. Rfd1 Be6 24. Bxe6 Rxe6 25. Rd2 Qa4 26. Re2 Ba3 27. Rf1 Qc4 28.
Re3 Qxa2 29. Nxe5 Bb2 30. Nd3 Bd4 31. Re2 Qc4 32. Nf4 Re5 33. Qf3 Rfe8 34. g3 a5
35. Nd3 Rb5 36. Rc1 Qe6 37. Nf4 Qb3 38. Qg4 Rbe5 39. Kg2 a4 40. Qd7 Bb2 41. Rxb2
Qxb2 42. Nd3 Qb5 43. Nxe5 Qxe5 44. Qxa4 Qxe4+ {Game drawn by mutual agreement}
1/2-1/2

[Event "Team 45 45 League T27"]
[Site "Internet Chess Club"]
[Date "2005.08.07"]
[Round "8"]
[White "phoenix10q72"]
[Black "SkinnyPuppy"]
[Result "1/2-1/2"]
[WhiteElo "2372"]
[BlackElo "2210"]
[TimeControl "2700+45"]

1. e4 d5 2. exd5 Nf6 3. Bb5+ Bd7 4. Be2 Nxd5 5. d4 Bf5 6. a3 e6 7. c4 Nb6 8. Nc3
Be7 9. Be3 O-O 10. Nf3 N8d7 11. O-O c5 12. Rc1 Rc8 13. d5 exd5 14. Nxd5 Nxd5 15.
Qxd5 Be6 16. Qd2 Nf6 17. Rfd1 Qxd2 18. Rxd2 Rfd8 19. Rcd1 Rxd2 20. Rxd2 Ne4 21.
Rd1 Bf6 22. Nd2 Nxd2 23. Rxd2 {Game drawn by mutual agreement} 1/2-1/2

[Event "Team 45 45 League T27"]
[Site "Internet Chess Club"]
[Date "2005.08.07"]
[Round "8"]
[White "searchforbobby1"]
[Black "megamaster"]
[Result "1/2-1/2"]
[WhiteElo "2114"]
[BlackElo "2276"]
[TimeControl "2700+45"]

1. e4 d5 2. exd5 Nf6 3. d4 Nxd5 4. Nf3 e6 5. c4 Bb4+ 6. Bd2 Bxd2+ 7. Qxd2 Nf6 8.
Be2 O-O 9. O-O b6 10. Nc3 Bb7 11. Rfd1 Nbd7 12. Ne5 c5 13. Nxd7 Nxd7 14. dxc5
Nxc5 15. Qxd8 Rfxd8 16. f4 a5 17. Kf2 Kf8 18. g3 Ke7 19. Ke3 Bc6 20. Bf3 Bxf3
21. Kxf3 Rac8 22. Ke3 h6 23. Rxd8 Rxd8 24. Rd1 Rxd1 25. Nxd1 f6 26. Nc3 g6 27.
b3 h5 28. Ne4 Nxe4 29. Kxe4 Kd6 30. Kd4 Kc6 31. a3 Kd6 32. b4 a4 33. Ke4 Kc7 34.
Kd4 Kc6 35. Ke4 Kc7 36. Kd4 Kc6 37. Ke4 Kc7 {Game drawn by repetition} 1/2-1/2 
emcutting(345): well done

[Event "Team 45 45 League T27"]
[Site "Internet Chess Club"]
[Date "2005.08.07"]
[Round "8"]
[White "hattrick"]
[Black "Gregorio"]
[Result "1/2-1/2"]
[WhiteElo "1956"]
[BlackElo "2048"]
[TimeControl "2700+45"]

1. e4 e5 2. Nf3 Nc6 3. Bc4 Bc5 4. b4 Bxb4 5. c3 Bc5 6. d4 exd4 7. O-O d3 8. Qxd3
d6 9. Bf4 Be6 10. Bxe6 fxe6 11. Qc4 Qe7 12. Nbd2 e5 13. Bg5 Nf6 14. Rfb1 Rb8 15.
Nb3 Bb6 16. a4 a5 17. Nbd2 Qf7 18. Bxf6 gxf6 19. Qd3 O-O 20. Nh4 Bc5 21. Nf5 Kh8
22. Nb3 b6 23. Nxc5 dxc5 24. Rd1 Rbd8 25. Qf3 Ne7 26. Ne3 Qe6 27. Rxd8 Rxd8 28.
Rd1 Rxd1+ 29. Qxd1 Qd6 30. Qxd6 cxd6 31. Kf1 Kg7 32. Ke2 Kf7 33. g4 Ke6 34. c4
Kf7 35. Kf3 Ke6 36. Ke2 {Game drawn by mutual agreement} 1/2-1/2